[Event "Titled Tuesday Blitz June 13 Late 2023"]
[White "GAO"]
[Black "Adewumi, Tanitoluwa"]
[BlackFideId "30966396"]
[WhiteElo "2379"]
[BlackElo "2632"]
[Result "0-1"]
[Round "4"]
[TimeControl "180+2"]
[Date "2023.06.13"]
[WhiteClock "0:00:02"]
[BlackClock "0:00:10"]
[Board "77"]

1. e4 c5 2. Nf3 e6 3. c3 Nf6 4. e5 Nd5 5. d4 cxd4 6. cxd4 Nc6 7. a3 d6 8. Bd3 Qc7 9. Qe2 Be7 10. O-O O-O 11. Qe4 f5 12. exf6 Nxf6 13. Qh4 e5 14. dxe5 dxe5 15. Ng5 h6 16. Qc4+ Kh8 17. Nf7+ Rxf7 18. Qxf7 e4 19. Be2 Nd4 20. Bd1 Be6 21. Qg6 Qxc1 22. Bg4 Qxb2 23. Bxe6 Nxe6 24. Qf7 Qxa1 25. Qxe6 Bc5 26. Nd2 Qd4 27. Nb3 Qd6 28. Qc4 Bb6 29. a4 Ng4 30. g3 Nxf2 31. Rxf2 Rf8 32. Qxe4 Rxf2 33. Qe1 Re2+ 34. Kf1 Rxe1+ 35. Kxe1 Qd3 36. Nd2 Ba5 37. Kf2 Qxd2+ 38. Kf3 Qxh2 39. Kg4 Qa2 40. Kh5 Qxa4 41. g4 Qe8+ 42. Kh4 Be1+ 43. Kh3 Qe2 44. g5 Qf3+ 45. Kh2 Bg3+ 46. Kg1 Qf2+ 0-1


[Site "https://www.chess.com"]

[Event "Titled Tuesday Blitz June 13 Late 2023"]
[White "Fiorito, Joaquin"]
[Black "Arias Igual, Alejandro"]
[WhiteFideId "180173"]
[BlackFideId "2254905"]
[WhiteElo "2199"]
[BlackElo "2179"]
[Result "1-0"]
[Round "4"]
[TimeControl "180+2"]
[Date "2023.06.13"]
[WhiteClock "0:00:57"]
[BlackClock "0:00:00"]
[Board "78"]

1. d4 d5 2. c4 e6 3. Nc3 c5 4. cxd5 exd5 5. Nf3 Nc6 6. dxc5 d4 7. Na4 Bxc5 8. Nxc5 Qa5+ 9. Qd2 Qxc5 10. e3 dxe3 11. Qxe3+ Qxe3+ 12. Bxe3 Nge7 13. Bc4 O-O 14. O-O h6 15. Rac1 Bf5 16. Rfe1 Rfd8 17. a3 Rac8 18. b4 Bd3 19. Ba2 a6 20. Bb6 Re8 21. Rcd1 Bf5 22. h3 Ng6 23. Bd5 Nf4 24. Rxe8+ Rxe8 25. Bxc6 bxc6 26. Be3 Ng6 27. Nd4 Be4 28. Rc1 Ne5 29. Rc5 Nd7 30. Rc3 Rc8 31. f3 Bd5 32. Nf5 Re8 33. Kf2 Ne5 34. Nd6 Re6 35. Nb7 Nc4 36. Nc5 Re8 37. a4 a5 38. b5 cxb5 39. axb5 Nxe3 40. Rxe3 Rxe3 41. Kxe3 Kf8 42. b6 a4 43. Kd4 Bc6 44. Nxa4 Ke7 45. Nc5 Kf6 46. b7 Bxb7 47. Nxb7 Kf5 48. Ke3 g5 49. Nd6+ Kf6 50. Ke4 Ke6 51. Nf5 h5 52. Ng7+ 1-0


[Site "https://www.chess.com"]

[Event "Titled Tuesday Blitz June 13 Late 2023"]
[White "Adury, Anant"]
[Black "Chernobay, Artem"]
[WhiteFideId "30964687"]
[BlackFideId "4167406"]
[WhiteElo "2348"]
[BlackElo "2474"]
[Result "1/2-1/2"]
[Round "4"]
[TimeControl "180+2"]
[Date "2023.06.13"]
[WhiteClock "0:00:06"]
[BlackClock "0:00:01"]
[Board "79"]

1. Nf3 Nf6 2. g3 g6 3. Bg2 Bg7 4. b3 O-O 5. Bb2 d6 6. d4 Nbd7 7. O-O e5 8. dxe5 dxe5 9. Nxe5 Ng4 10. Nd3 Bxb2 11. Nxb2 Qf6 12. Qc1 Re8 13. e3 Nde5 14. Nd2 Qf5 15. h3 Nf6 16. Nbc4 Nxc4 17. Nxc4 Qh5 18. Qb2 Qg5 19. h4 Qf5 20. Rad1 Rb8 21. a4 Be6 22. Qc3 a6 23. Qe5 Bxc4 24. Qxf5 gxf5 25. bxc4 Re5 26. Rb1 b6 27. Rfd1 Kf8 28. Rd4 Ke7 29. Bf1 Ra5 30. Bd3 Ke6 31. Rf4 Nh5 32. Rd4 Nf6 33. Ra1 Re8 34. Kg2 Re7 35. Kf3 Re8 36. Rf4 Re5 37. Kg2 a5 38. Rb1 Rd8 39. Rb5 Rxb5 40. cxb5 Nd5 41. Rd4 Ke5 42. Bc4 f6 43. Kf3 Rd6 44. Bxd5 Rxd5 45. Rc4 Rd7 46. Rc6 Re7 47. c4 Rd7 48. c5 bxc5 49. Rxc5+ Ke6 50. Rc6+ Ke7 51. Ra6 Rd2 52. Rxa5 Ra2 53. Ra7 Kd6 54. Ra6+ Ke5 55. Rc6 Rxa4 56. Rxc7 Rb4 57. Rxh7 Rxb5 58. Rh5 Ke6 59. Rh8 Kf7 60. Rd8 Kg6 61. Rd4 Rb2 62. Kg2 Ra2 63. e4 fxe4 64. Rxe4 Rb2 65. Rf4 Ra2 66. Kf3 Ra3+ 67. Kg4 Ra2 68. h5+ Kg7 69. f3 Ra5 70. Kh4 Ra1 71. g4 Ra3 72. Kg3 Ra6 73. Rb4 Kh6 74. f4 f5 75. Rb5 fxg4 76. Kxg4 Ra1 77. Rb6+ Kg7 78. h6+ Kh7 79. Kf5 Ra5+ 80. Kf6 Kxh6 81. f5 Kh7 82. Re6 Kg8 83. Re8+ Kh7 84. Ke6 Ra6+ 85. Kf7 Kh6 86. f6 Kh7 87. Re7 Kh6 88. Kf8 Kg6 89. f7 Ra8+ 90. Re8 Ra7 91. Re7 Ra8+ 92. Re8 Ra7 93. Kg8 Rxf7 94. Re6+ Rf6 95. Re8 Rb6 96. Rf8 Kg5 97. Rf7 1/2-1/2


[Site "https://www.chess.com"]

[Event "Titled Tuesday Blitz June 13 Late 2023"]
[White "kiwibobo"]
[Black "Seemann, Jakub"]
[BlackFideId "21874697"]
[WhiteElo "2309"]
[BlackElo "2364"]
[Result "0-1"]
[Round "4"]
[TimeControl "180+2"]
[Date "2023.06.13"]
[WhiteClock "0:00:05"]
[BlackClock "0:01:42"]
[Board "80"]

1. e4 e6 2. d4 d5 3. Nd2 dxe4 4. Nxe4 Bd7 5. Nf3 Bc6 6. Bd3 Nd7 7. O-O Ngf6 8. Ned2 Be7 9. Nc4 Bxf3 10. Qxf3 c6 11. c3 O-O 12. Ne5 a5 13. Bf4 a4 14. Rad1 Qb6 15. Nc4 Qa7 16. Qh3 g6 17. Ne5 Nxe5 18. Bxe5 Nd7 19. Bf4 Bf6 20. Rfe1 Rfe8 21. Qf3 Bg7 22. Bc2 Qa5 23. h4 Qd5 24. Be4 Qxa2 25. Ra1 Qb3 26. Qe2 Qb6 27. Bd3 Nf6 28. Be5 Qd8 29. g3 Nd5 30. Bc2 Bxe5 31. Qxe5 Qf6 32. Rxa4 Qxe5 33. Rxe5 Rxa4 34. Bxa4 Ra8 35. Bb3 Ra1+ 36. Kg2 Rb1 37. Re2 Nxc3 38. Rc2 Nd5 39. Kf3 Kg7 40. Ke4 Kf6 41. Bc4 h5 42. Bd3 Ra1 43. f3 Nb4 44. Rd2 Re1+ 45. Kf4 Nd5# 0-1


[Site "https://www.chess.com"]

[Event "Titled Tuesday Blitz June 13 Late 2023"]
[White "Fiorito, Francisco"]
[Black "Vaglio Munoz, Jaime"]
[WhiteFideId "180165"]
[BlackFideId "6500145"]
[WhiteElo "2319"]
[BlackElo "2199"]
[Result "0-1"]
[Round "4"]
[TimeControl "180+2"]
[Date "2023.06.13"]
[WhiteClock "0:00:00"]
[BlackClock "0:00:07"]
[Board "81"]

1. d4 d6 2. Nc3 Nf6 3. e4 e5 4. dxe5 dxe5 5. Qxd8+ Kxd8 6. Bc4 Ke8 7. f3 c6 8. a4 Bb4 9. Be3 Ke7 10. Ne2 Be6 11. Bxe6 Kxe6 12. Kf2 Na6 13. Na2 Bc5 14. Rhd1 Rhd8 15. c3 Bxe3+ 16. Kxe3 Nc5 17. Rxd8 Rxd8 18. Nac1 Rd1 19. b4 Nd3 20. Nb3 Rxa1 21. Nxa1 Nb2 22. a5 h5 23. Nb3 b6 24. axb6 axb6 25. g3 Ne8 26. f4 Nd6 27. fxe5 Ndc4+ 28. Kf4 Nd3+ 29. Kg5 Ndxe5 30. Kxh5 Nf3 31. Nbd4+ Nxd4 32. cxd4 Nd2 33. Nf4+ Kf6 34. d5 c5 35. bxc5 bxc5 36. Kg4 c4 37. Ne2 Ke5 38. Nc3 Nf1 39. h4 Nh2+ 40. Kh3 Nf3 41. Kg2 Nd4 42. Kf2 f5 43. exf5 Nxf5 44. Kf3 Nd6 45. g4 Kd4 46. Ne2+ Kd3 47. h5 Nf7 48. Nf4+ Kd2 49. Ne2 Ne5+ 50. Kf2 Nxg4+ 51. Kf1 Ne3+ 52. Kf2 Nxd5 53. Kf3 Nf6 54. Nd4 Nxh5 55. Kg4 Nf6+ 56. Kf5 c3 57. Kg6 Kd3 58. Nb3 c2 59. Kxg7 Nd5 60. Kg6 Nf4+ 61. Kf5 Ne2 62. Ke5 Kc3 0-1


[Site "https://www.chess.com"]

[Event "Titled Tuesday Blitz June 13 Late 2023"]
[White "Klinova, Masha"]
[Black "Sydoryka, Vladyslav"]
[WhiteFideId "2802015"]
[BlackFideId "14145928"]
[WhiteElo "2241"]
[BlackElo "2269"]
[Result "0-1"]
[Round "4"]
[TimeControl "180+2"]
[Date "2023.06.13"]
[WhiteClock "0:00:40"]
[BlackClock "0:01:18"]
[Board "82"]

1. e4 c6 2. d4 d5 3. Nc3 dxe4 4. Nxe4 Bf5 5. Ng3 Bg6 6. h4 h6 7. Nf3 e6 8. h5 Bh7 9. Bd3 Bxd3 10. Qxd3 Nf6 11. Bd2 Be7 12. O-O-O O-O 13. Kb1 Nbd7 14. Ne4 Nxe4 15. Qxe4 Nf6 16. Qe2 Qd5 17. Ne5 Qe4 18. Be3 Nd5 19. g4 Rfd8 20. Rhe1 c5 21. Qf3 Qxf3 22. Nxf3 cxd4 23. Bxd4 b5 24. Ne5 Bf6 25. Nc6 Rd6 26. Bxf6 Rxc6 27. Bd4 a5 28. Re2 Rac8 29. f3 b4 30. Be5 Rc4 31. Re4 Rxc2 32. f4 Rg2 33. f5 exf5 34. gxf5 f6 35. Bd4 Rd8 36. Kc1 Rc8+ 37. Kb1 Rg5 38. Bf2 Rxf5 39. Bg3 Rxh5 40. Red4 Ne3 41. Rg1 Nf5 42. Rg4 Nxg3 43. R4xg3 Rg5 0-1


[Site "https://www.chess.com"]

[Event "Titled Tuesday Blitz June 13 Late 2023"]
[White "Elaisaz"]
[Black "Moral Garcia, Serafin"]
[BlackFideId "2201925"]
[WhiteElo "2235"]
[BlackElo "2274"]
[Result "0-1"]
[Round "4"]
[TimeControl "180+2"]
[Date "2023.06.13"]
[WhiteClock "0:00:02"]
[BlackClock "0:00:17"]
[Board "83"]

1. d4 Nf6 2. Bf4 c5 3. e3 Qb6 4. Nc3 d6 5. Rb1 g6 6. Nf3 Bg7 7. h3 O-O 8. Be2 Nbd7 9. O-O Qd8 10. d5 Ne8 11. e4 a6 12. a4 Rb8 13. Ra1 Nc7 14. a5 b5 15. axb6 Rxb6 16. Na4 Rb7 17. Ra2 h6 18. Qc1 Kh7 19. b3 f5 20. exf5 Rxf5 21. Bd3 Rxd5 22. Be4 Rh5 23. g4 Rxh3 24. Kg2 Rxf3 25. Bxf3 Rb8 26. Rh1 Qf8 27. Bxh6 Bxh6 28. g5 Ne5 29. Rxh6+ Kg7 30. Be4 Bf5 31. Qe3 Rb4 32. Bxf5 Qxf5 33. Ra1 Nd5 34. Qg3 Rg4 35. Rah1 Qf3+ 36. Kf1 Rxg3 37. Rh7+ Kf8 38. Rh8+ Kf7 39. R1h7+ Ke6 0-1


[Site "https://www.chess.com"]

[Event "Titled Tuesday Blitz June 13 Late 2023"]
[White "Osmonbekov, Talaibek"]
[Black "ATM622"]
[WhiteFideId "2017253"]
[WhiteElo "2135"]
[BlackElo "2605"]
[Result "0-1"]
[Round "4"]
[TimeControl "180+2"]
[Date "2023.06.13"]
[WhiteClock "0:00:00"]
[BlackClock "0:00:55"]
[Board "84"]

1. d4 Nf6 2. Bf4 e6 3. Nc3 d5 4. e3 Bb4 5. Bd3 c5 6. dxc5 Bxc5 7. Nf3 O-O 8. O-O Nc6 9. e4 d4 10. Ne2 h6 11. a3 a5 12. Ng3 Re8 13. e5 Nd5 14. Bd2 a4 15. Qe2 Nce7 16. Rae1 Nf5 17. Qe4 Nde7 18. Nh5 Qd5 19. Qg4 Kh8 20. Nf6 gxf6 21. exf6 Rg8 22. Qh3 Rg6 23. fxe7 Bxe7 24. Bxf5 exf5 25. Rxe7 f4 26. Re8+ Kh7 27. Rxc8 Rxc8 28. Qxc8 Qxf3 29. g3 h5 30. Qf5 Qe2 31. Qxf7+ Rg7 32. Qf5+ Kg8 33. Qxf4 Rf7 34. Qg5+ Kh7 35. Bf4 Qxc2 36. Qxh5+ Kg8 0-1


[Site "https://www.chess.com"]

[Event "Titled Tuesday Blitz June 13 Late 2023"]
[White "Dias, Joao Batista"]
[Black "Schnaider, Ilan"]
[WhiteFideId "2108240"]
[BlackFideId "169013"]
[WhiteElo "1907"]
[BlackElo "2224"]
[Result "0-1"]
[Round "4"]
[TimeControl "180+2"]
[Date "2023.06.13"]
[WhiteClock "0:02:21"]
[BlackClock "0:02:26"]
[Board "85"]

1. e4 c5 2. d4 cxd4 3. Nf3 d6 4. Nxd4 Nf6 5. Bd3 a6 6. O-O e5 7. Ne2 Be7 8. Ng3 O-O 9. h3 Nbd7 10. Nd2 Nc5 11. Qe2 b5 12. a3 Bb7 13. f3 Rc8 14. Nf5 Ne6 15. Nxe7+ Qxe7 16. Nb3 Rfd8 17. Be3 d5 18. exd5 Nxd5 19. Bf2 Nef4 20. Qe1 Qg5 21. Bg3 Ne3 22. Rf2 Qxg3 0-1


[Site "https://www.chess.com"]

[Event "Titled Tuesday Blitz June 13 Late 2023"]
[White "Petersson, Kjell"]
[Black "Mika, Tomasz"]
[WhiteFideId "1705148"]
[BlackFideId "1132970"]
[WhiteElo "2005"]
[BlackElo "2186"]
[Result "0-1"]
[Round "4"]
[TimeControl "180+2"]
[Date "2023.06.13"]
[WhiteClock "0:00:32"]
[BlackClock "0:01:04"]
[Board "86"]

1. d4 Nf6 2. Bf4 c5 3. d5 Qb6 4. Nc3 Qxb2 5. Bd2 Qb6 6. e4 d6 7. f4 a6 8. e5 Nfd7 9. Nf3 g6 10. Rb1 Qd8 11. e6 fxe6 12. Ng5 Nf6 13. dxe6 Rg8 14. Nf7 Qc7 15. Bc4 b5 16. Bd5 Nc6 17. Qf3 Nd4 18. Qd1 Nxd5 19. Nxd5 Qc6 20. c4 Bxe6 21. Ba5 Bxd5 22. cxd5 Qxd5 23. Ng5 Qxg2 24. Rf1 Nc2+ 25. Qxc2 Qxc2 26. Rd1 h6 27. Ne6 Qe4+ 0-1


[Site "https://www.chess.com"]

[Event "Titled Tuesday Blitz June 13 Late 2023"]
[White "Mikaelyan, Arman"]
[Black "Martins, Vinicius Tine"]
[WhiteFideId "13304852"]
[BlackFideId "2112884"]
[WhiteElo "2456"]
[BlackElo "2373"]
[Result "1-0"]
[Round "4"]
[TimeControl "180+2"]
[Date "2023.06.13"]
[WhiteClock "0:02:39"]
[BlackClock "0:02:34"]
[Board "87"]

1. b3 d5 2. Bb2 c5 3. e3 Nf6 4. Nf3 g6 5. Bb5+ Bd7 6. a4 Bg7 7. O-O O-O 8. d4 Ne4 9. Nbd2 Nxd2 10. Qxd2 Nc6 11. Rab1 b6 12. dxc5 Bxb2 13. Rxb2 Bg4 14. Bxc6 1-0


[Site "https://www.chess.com"]

[Event "Titled Tuesday Blitz June 13 Late 2023"]
[White "Siddharth, Jagadeesh"]
[Black "Shapiro, Viktor"]
[WhiteFideId "5818320"]
[BlackFideId "4175700"]
[WhiteElo "2303"]
[BlackElo "2212"]
[Result "1/2-1/2"]
[Round "4"]
[TimeControl "180+2"]
[Date "2023.06.13"]
[WhiteClock "0:00:08"]
[BlackClock "0:00:47"]
[Board "88"]

1. e4 c5 2. Nf3 d6 3. Bb5+ Nd7 4. a4 g6 5. O-O Bg7 6. Re1 e6 7. Nc3 Ne7 8. d4 cxd4 9. Nxd4 a6 10. Bxd7+ Bxd7 11. Bg5 h6 12. Bh4 Rc8 13. Nb3 Qc7 14. Bg3 Be5 15. Bxe5 dxe5 16. Qd2 g5 17. Rad1 Bc6 18. a5 O-O 19. h4 Rcd8 20. Qe3 f6 21. Nc5 Kf7 22. hxg5 hxg5 23. Qh3 Rh8 24. Qxe6+ Kg6 25. Rxd8 Rxd8 26. Qh3 Qc8 27. Qxc8 Nxc8 28. Rd1 Rxd1+ 29. Nxd1 Nd6 30. f3 f5 31. exf5+ Kxf5 32. Kf2 e4 33. Ke3 exf3 34. gxf3 Nc4+ 35. Kd4 Bxf3 36. Kxc4 Bxd1 37. Nxb7 Bxc2 38. Nc5 g4 39. Kd4 Kf4 40. Ne6+ Kf3 41. Ng5+ Kf2 42. b4 Ba4 43. Kc5 Bb5 44. Kd4 Bc6 45. Ke5 g3 46. Kf4 g2 47. Nh3+ Ke2 48. Kg3 Kd2 49. Kf2 Kc3 50. b5 Bxb5 51. Kxg2 Kb4 52. Kf2 Kxa5 53. Ke3 Kb4 54. Kd2 Ka3 55. Nf2 Kb2 56. Nd1+ Kb3 57. Kc1 Bd3 58. Nf2 Bf5 59. Nd1 a5 60. Ne3 Bd3 61. Nf1 a4 62. Nd2+ Kc3 63. Nb1+ Kb3 64. Nd2+ Ka2 65. Nf3 a3 66. Nd4 Be4 67. Nb5 Kb3 68. Nxa3 1/2-1/2


[Site "https://www.chess.com"]

[Event "Titled Tuesday Blitz June 13 Late 2023"]
[White "Yeritsyan, Hayk"]
[Black "Manukyan, Sargis V."]
[WhiteFideId "13307320"]
[BlackFideId "13303465"]
[WhiteElo "2506"]
[BlackElo "2236"]
[Result "0-1"]
[Round "4"]
[TimeControl "180+2"]
[Date "2023.06.13"]
[WhiteClock "0:00:06"]
[BlackClock "0:00:12"]
[Board "89"]

1. d4 e6 2. Nf3 Nf6 3. Bf4 b6 4. e3 Bb7 5. h3 Bd6 6. Bxd6 cxd6 7. Be2 Nc6 8. O-O O-O 9. Nbd2 Rc8 10. Nc4 Qe7 11. c3 Ne4 12. Ncd2 d5 13. Nxe4 dxe4 14. Nd2 f5 15. Rc1 Qg5 16. Qe1 Ne7 17. f4 exf3 18. Bxf3 Ba6 19. Rf2 Ng6 20. Be2 Bb7 21. Bf3 Ba6 22. Be2 Bb7 23. Bf3 d5 24. Bd1 Rf6 25. Nf3 Qh6 26. Bb3 f4 27. exf4 Nxf4 28. Qd2 Rcf8 29. Rcf1 Ba6 30. Re1 Nxh3+ 31. gxh3 Qxh3 32. Bd1 Rg6+ 33. Rg2 Rh6 34. Rh2 Qg3+ 35. Qg2 Rxf3 36. Qxg3 Rxg3+ 37. Rg2 Rxg2+ 38. Kxg2 Rf6 39. Bg4 Kf7 40. Kg3 Bd3 41. Re3 Be4 42. a3 g6 43. Be2 h5 44. c4 g5 45. Bxh5+ Ke7 46. Be2 Kd6 47. b4 Rf8 48. c5+ bxc5 49. bxc5+ Kc6 50. Rb3 Rf4 51. Bb5+ Kc7 52. Ba6 Bf5 53. Rb7+ Kc6 54. Rxa7 Rxd4 55. Bc8 Kxc5 56. Re7 Kd6 57. Rg7 Rd3+ 58. Kf2 g4 59. a4 Ra3 60. Bd7 Ke5 61. Bb5 Ra2+ 62. Ke1 Ra3 63. Kd2 Kf4 64. Kc1 g3 65. Kb2 Re3 66. a5 Be4 67. a6 d4 68. a7 g2 69. Rf7+ Ke5 70. Rg7 Re1 71. Rg5+ Kf6 72. Rg8 g1=Q 73. Rxg1 Rxg1 74. Kb3 Ke5 75. Kb4 Rb1+ 76. Ka5 Rxb5+ 77. Kxb5 d3 78. Kb6 d2 79. Kc7 d1=Q 80. Kb8 Qb3+ 0-1


[Site "https://www.chess.com"]

[Event "Titled Tuesday Blitz June 13 Late 2023"]
[White "Korchmar, Vasiliy"]
[Black "Ronka, Erik"]
[WhiteFideId "24131750"]
[BlackFideId "505080"]
[WhiteElo "2370"]
[BlackElo "2264"]
[Result "1-0"]
[Round "4"]
[TimeControl "180+2"]
[Date "2023.06.13"]
[WhiteClock "0:02:20"]
[BlackClock "0:00:00"]
[Board "90"]

1. e4 c5 2. Nf3 d6 3. g3 Nc6 4. Bg2 g6 5. O-O Bg7 6. c3 Nf6 7. Re1 O-O 8. d4 cxd4 9. cxd4 d5 10. e5 Ne4 11. Nc3 Nxc3 12. bxc3 Bf5 13. h4 Rc8 14. h5 Na5 15. h6 Bh8 16. Bd2 Nc4 17. Ng5 Qa5 18. Rc1 Nxd2 19. Qxd2 f6 20. exf6 exf6 21. Ne6 Rfe8 22. Nf4 Be4 23. Bxe4 dxe4 24. Qc2 f5 25. Qb3+ Kf8 26. Ne6+ Ke7 27. Ng5 Kd6 28. c4 Bf6 29. Nxh7 Be7 30. c5+ Kd7 31. Qxb7+ Rc7 32. Qd5+ Kc8 33. Qf7 Qa4 34. Qxg6 Rd8 35. Qxf5+ Kb8 36. Rb1+ Rb7 37. Qxe4 Rd7 38. c6 1-0


[Site "https://www.chess.com"]

[Event "Titled Tuesday Blitz June 13 Late 2023"]
[White "Bjelobrk, Igor"]
[Black "Baches Garcia, Guillermo"]
[WhiteFideId "4300726"]
[BlackFideId "2209764"]
[WhiteElo "2319"]
[BlackElo "2480"]
[Result "1-0"]
[Round "4"]
[TimeControl "180+2"]
[Date "2023.06.13"]
[WhiteClock "0:00:19"]
[BlackClock "0:00:00"]
[Board "91"]

1. d4 d5 2. c4 e6 3. Nf3 h6 4. g3 Nf6 5. Bg2 Bd6 6. Nc3 Nc6 7. O-O O-O 8. b3 dxc4 9. bxc4 e5 10. d5 Na5 11. Nd2 b6 12. a4 Re8 13. Bb2 Bf5 14. e4 Bg4 15. Qc2 Qd7 16. f3 Bh3 17. Bxh3 Qxh3 18. Ba3 Nd7 19. Nb5 Nc5 20. Nxd6 cxd6 21. Bxc5 dxc5 22. Nb3 Nb7 23. a5 Nd6 24. Nc1 f5 25. Nd3 fxe4 26. Nf2 Qd7 27. Nxe4 Nf5 28. Qb2 Rab8 29. axb6 axb6 30. Ra6 b5 31. Nxc5 Qe7 32. Ne6 bxc4 33. Qxe5 Rf8 34. Rc6 Qa7+ 35. Kg2 Rb3 36. Rc7 1-0


[Site "https://www.chess.com"]

[Event "Titled Tuesday Blitz June 13 Late 2023"]
[White "Kavutskiy, Konstantin"]
[Black "Ladan, Nicholas"]
[WhiteFideId "2026384"]
[BlackFideId "30918855"]
[WhiteElo "2323"]
[BlackElo "2167"]
[Result "1-0"]
[Round "4"]
[TimeControl "180+2"]
[Date "2023.06.13"]
[WhiteClock "0:00:42"]
[BlackClock "0:00:00"]
[Board "92"]

1. d4 d5 2. c4 c6 3. Nf3 Nf6 4. e3 e6 5. Bd3 Nbd7 6. b3 Bd6 7. Bb2 b6 8. O-O Bb7 9. Nc3 O-O 10. Qc2 Rc8 11. e4 dxe4 12. Nxe4 Nxe4 13. Bxe4 Nf6 14. Bd3 c5 15. dxc5 Rxc5 16. Bxf6 gxf6 17. Bxh7+ Kg7 18. Be4 Bxe4 19. Qxe4 f5 20. Qd4+ Be5 21. Qxd8 Rxd8 22. Rad1 Rxd1 23. Rxd1 Bf6 24. Rd7 a6 25. g3 b5 26. cxb5 axb5 27. Rb7 Bc3 28. Ng5 Kf6 29. h4 b4 30. Rxf7+ Ke5 31. Re7 Rc6 32. Kg2 Ra6 33. Re8 Rxa2 34. Rxe6+ Kd5 35. Re8 Rb2 36. Rd8+ Kc5 37. Ne6+ Kb5 38. Nd4+ Kc5 39. Nxf5 Rxb3 40. g4 Rb2 41. g5 Rc2 42. Rb8 b3 43. Rxb3 Kc4 44. Rb8 Bb4 45. Ne3+ Kb3 46. Nxc2 1-0


[Site "https://www.chess.com"]

[Event "Titled Tuesday Blitz June 13 Late 2023"]
[White "Manukyan, Sargis A."]
[Black "Zavortink, Matt"]
[WhiteFideId "13303970"]
[BlackFideId "2034263"]
[WhiteElo "2187"]
[BlackElo "2471"]
[Result "0-1"]
[Round "4"]
[TimeControl "180+2"]
[Date "2023.06.13"]
[WhiteClock "0:00:12"]
[BlackClock "0:00:17"]
[Board "93"]

1. d4 d5 2. c4 c6 3. Nc3 Nf6 4. e3 e6 5. Nf3 a6 6. Bd3 dxc4 7. Bxc4 b5 8. Bd3 c5 9. O-O Bb7 10. a4 b4 11. Ne2 Nbd7 12. Ng3 Be7 13. e4 cxd4 14. e5 Nd5 15. Re1 Nc5 16. Nh5 g6 17. Ng7+ Kf8 18. Bh6 Kg8 19. Nxd4 Bf8 20. Ngf5 exf5 21. Bxf8 Kxf8 22. Bc4 Ne6 23. Nb3 Rc8 24. Bf1 Ndf4 25. Nd2 Qd5 26. f3 Nd3 27. Re3 Qd4 28. Qe2 Nef4 29. Qxd3 Nxd3 30. Re1 Nxb2 31. Kf2 Qxd2+ 32. R1e2 Qd4 33. e6 Nd1+ 34. Kg3 Nxe3 35. h4 Nxf1+ 36. Kh3 Ne3 37. a5 fxe6 38. f4 Qxf4 39. h5 Qg4+ 40. Kh2 Qxg2+ 41. Rxg2 Nxg2 42. h6 Kf7 43. Kg3 b3 44. Kh3 Nf4+ 45. Kg3 e5 46. Kh2 Rc2+ 47. Kg3 Rg2+ 48. Kh4 g5# 0-1


[Site "https://www.chess.com"]

[Event "Titled Tuesday Blitz June 13 Late 2023"]
[White "Hajiyev, Kanan"]
[Black "Sztokbant, Bernardo Vainzoff"]
[WhiteFideId "13404148"]
[BlackFideId "2115956"]
[WhiteElo "2115"]
[BlackElo "2222"]
[Result "1/2-1/2"]
[Round "4"]
[TimeControl "180+2"]
[Date "2023.06.13"]
[WhiteClock "0:00:04"]
[BlackClock "0:00:02"]
[Board "94"]

1. d4 Nf6 2. Nf3 g6 3. g3 Bg7 4. Bg2 O-O 5. O-O d6 6. b3 Nbd7 7. Bb2 e5 8. dxe5 Ng4 9. c4 Ngxe5 10. Nc3 Re8 11. Qd2 Nxf3+ 12. exf3 Nf8 13. Rad1 Bd7 14. Nd5 Bc6 15. Bxg7 Kxg7 16. Qb2+ f6 17. Ne3 Nd7 18. f4 Nc5 19. Bd5 Qd7 20. Kg2 Re7 21. b4 Ne4 22. b5 Bxd5 23. Nxd5 Rf7 24. Rfe1 Re8 25. Qd4 Nc5 26. Re3 Rxe3 27. Qxe3 Qe6 28. Qxe6 Nxe6 29. Re1 Nc5 30. a4 c6 31. Nc3 Kf8 32. a5 a6 33. bxc6 bxc6 34. Kf3 Rb7 35. Ne4 Nxe4 36. Rxe4 Kf7 37. Rd4 Ke6 38. Re4+ Kd7 39. f5 gxf5 40. Rh4 Ke6 41. Rd4 Rb3+ 42. Kf4 Ra3 43. f3 Rxa5 44. Rd3 Ra4 45. Re3+ Kf7 46. Rc3 d5 47. Kxf5 Rxc4 48. Ra3 Ke7 49. Rxa6 Kd6 50. Kxf6 d4 51. f4 d3 52. Ra8 Rd4 53. Ra1 c5 54. f5 c4 55. Kg7 c3 56. f6 Rd5 57. g4 Rd4 58. h3 Rf4 59. f7 Kc5 60. Ra5+ Kb4 61. Rf5 Rxf5 62. gxf5 c2 63. f8=Q+ Kc3 64. Qc5+ Kd2 65. Qf2+ Kc1 66. Qe1+ Kb2 67. Qb4+ Kc1 68. Qd4 Kd2 69. Qf4+ Kd1 70. Qf1+ Kd2 71. Qf4+ Kd1 72. Qf3+ Kd2 73. Qf4+ 1/2-1/2


[Site "https://www.chess.com"]

[Event "Titled Tuesday Blitz June 13 Late 2023"]
[White "Yang, Kevin"]
[Black "Mendez Fortes, Eduardo Jesus"]
[WhiteFideId "30908485"]
[BlackFideId "3502376"]
[WhiteElo "2055"]
[BlackElo "2307"]
[Result "0-1"]
[Round "4"]
[TimeControl "180+2"]
[Date "2023.06.13"]
[WhiteClock "0:00:00"]
[BlackClock "0:00:24"]
[Board "95"]

1. d4 Nf6 2. c4 e6 3. Nc3 Bb4 4. Qc2 O-O 5. a3 Bxc3+ 6. Qxc3 b6 7. Bg5 Bb7 8. e3 d6 9. Ne2 Nbd7 10. Qc2 c5 11. Rd1 Qc7 12. Nc3 h6 13. Bf4 e5 14. Nb5 Qb8 15. dxe5 dxe5 16. Bg3 a6 17. Nc3 Rd8 18. f3 Qc7 19. Bd3 Nf8 20. O-O Qe7 21. Ne4 Nh5 22. Bf2 g6 23. Qb3 Rab8 24. Nc3 Nf6 25. Bh4 g5 26. Bg3 Bc6 27. Bf5 Nh5 28. Bf2 Ng7 29. Bb1 Rdc8 30. Nd5 Qe6 31. Qc2 b5 32. b3 bxc4 33. bxc4 Ng6 34. h4 gxh4 35. Bxh4 Rxb1 36. Nf6+ Kf8 37. Qxb1 Nxh4 38. Ng4 Nhf5 39. Qb3 h5 40. Nf2 h4 41. Nh3 Qg6 42. Rd3 Kg8 43. e4 Nd4 44. Qb6 Nge6 45. Qa7 Nf4 46. Nxf4 exf4 47. Qxa6 Rd8 48. Qa7 Ne2+ 49. Kf2 Rxd3 50. Kxe2 Qd6 51. Re1 Re3+ 0-1


[Site "https://www.chess.com"]

[Event "Titled Tuesday Blitz June 13 Late 2023"]
[White "Womacka, Mathias"]
[Black "Bartel, Michal"]
[WhiteFideId "4611390"]
[BlackFideId "1119257"]
[WhiteElo "2377"]
[BlackElo "2282"]
[Result "1-0"]
[Round "4"]
[TimeControl "180+2"]
[Date "2023.06.13"]
[WhiteClock "0:00:05"]
[BlackClock "0:00:00"]
[Board "96"]

1. e4 c5 2. Nf3 d6 3. d4 cxd4 4. Nxd4 Nf6 5. Nc3 a6 6. Be2 e5 7. Nb3 Be7 8. O-O O-O 9. Kh1 b5 10. a4 b4 11. Nd5 Bb7 12. Be3 Nbd7 13. Nxe7+ Qxe7 14. f3 Nc5 15. Na5 Rfd8 16. Qd2 Rab8 17. Nxb7 Qxb7 18. Rfd1 h6 19. Bxc5 dxc5 20. Qxd8+ Rxd8 21. Rxd8+ Kh7 22. Bc4 Nd7 23. Bxf7 Qc7 24. Ra8 Nb6 25. Rxa6 Qb7 26. Rxb6 Qxb6 27. Bc4 Qa5 28. b3 Kg6 29. Rd1 Qb6 30. g3 h5 31. Kg2 Kf6 32. Rd7 h4 33. Rf7+ Kg6 34. Rd7 Qc6 35. Rd5 Qe6 36. a5 h3+ 37. Kf2 Qf6 38. a6 Qb6 39. Rxe5 Qa7 40. Re6+ Kg5 41. Ke3 g6 42. f4+ Kh6 43. f5 1-0


[Site "https://www.chess.com"]

[Event "Titled Tuesday Blitz June 13 Late 2023"]
[White "robertoalejandro10"]
[Black "Gasparyan, David"]
[BlackFideId "13311980"]
[WhiteElo "2598"]
[BlackElo "2437"]
[Result "1-0"]
[Round "4"]
[TimeControl "180+2"]
[Date "2023.06.13"]
[WhiteClock "0:00:17"]
[BlackClock "0:00:07"]
[Board "97"]

1. Nf3 Nf6 2. c4 g6 3. b3 d6 4. Bb2 Bg7 5. g3 e5 6. Nc3 O-O 7. Bg2 Nc6 8. O-O h6 9. Rc1 Nh5 10. d4 exd4 11. Nb5 Ne5 12. Bxd4 c6 13. Nc3 Re8 14. Qd2 Qf6 15. Rfd1 Bg4 16. Ne4 Qe7 17. h3 Bf5 18. Nc3 Nf6 19. Nxe5 dxe5 20. Be3 Rad8 21. Qe1 Qa3 22. Rxd8 Rxd8 23. Rd1 Rxd1 24. Qxd1 Bf8 25. g4 Be6 26. Qd8 Kh7 27. Qxf6 Qd6 28. Ne4 Qd1+ 29. Kh2 Bg7 30. Qe7 Qxe2 31. Nf6+ Bxf6 32. Qxf6 Qb2 33. Bf4 Qxf2 34. Bxe5 Qxf6 35. Bxf6 Kg8 36. Kg3 Kf8 37. Kf4 Ke8 38. Ke5 Kd7 39. Bf3 a5 40. h4 b5 41. cxb5 cxb5 42. h5 gxh5 43. gxh5 a4 44. bxa4 bxa4 45. a3 Bc4 46. Bg7 Ke7 47. Bxh6 f6+ 48. Kf4 Kf7 49. Kg3 Kg8 50. Bd2 Kf7 51. h6 Bd3 52. Bc6 Bc2 53. Kf4 Ke6 54. Be4 Bxe4 55. Kxe4 f5+ 56. Kf4 Kf6 57. Bc3+ Kg6 58. Bg7 Kf7 59. Kxf5 Kg8 60. Bd4 Kh7 61. Kg5 Kg8 62. Kg6 Kf8 63. h7 Ke7 64. h8=Q 1-0


[Site "https://www.chess.com"]